Map: Ulrena

Players

Arel

  • Race: Terran Terran
  • League: Silver
  • Spawn Location: 7:00

zidar - Winner!

  • Race: Zerg Zerg
  • League: Silver
  • Spawn Location: 11:00

VOD

Have the link to the VOD?

Description

Time

  • Played on: March 5, 2016, 9:52 a.m.
  • Length: 16:01
Show
View Real Time Build Order
Export as new Build Order

Arel Terran 

Build Orders:  

Get SALT Encoding   

  12  0:01  SCV  
  13  0:16  Supply Depot  
  13  0:21  SCV  
  14  0:28  Refinery  
  14  0:33  SCV  
  15  0:46  Barracks  
  15  0:54  SCV  
  16  1:04  Supply Depot  
  15  1:26  Supply Depot  
  15  1:27  SCV  
  16  1:34  Marine  
  16  1:39  SCV  
  18  1:51  SCV  
  19  2:00  Factory  
  20  2:03  SCV  
  20  2:14  Barracks Reactor  
  20  2:28  SCV  
  21  2:31  Engineering Bay  
  21  2:40  SCV  
  22  2:46  Supply Depot  
  22  2:51  Refinery  
  22  2:57  Hellion x2  
  26  2:58  Marine  
  27  3:05  Orbital Command  
  27  3:13  Armory  
  27  3:16  Marine  
  28  3:34  Marine  
  25  4:10  Starport  
  25  4:13  Factory Tech Lab  
  25  4:14  Marine x2  
  27  4:25  Command Center  
  27  4:32  Marine x2, Siege Tank  
  27  4:33  Liberator  
  27  4:36  SCV  
  33  4:48  SCV  
  33  4:50  Marine x2  
  39  5:00  SCV  
  40  5:08  Marine x2  
  42  5:22  Thor  
  42  5:28  Supply Depot  
  43  6:01  Marine x2  
  44  6:10  Siege Tank  
  43  6:18  Supply Depot  
  43  6:19  Marine x2  
  43  6:20  SCV  
  43  6:23  Medivac  
  48  6:37  Marine x2  
  50  6:53  Medivac  
  52  6:54  Marine, SCV  
  52  6:55  Marine  
  55  7:06  SCV  
  56  7:12  Marine x2  
  58  7:18  SCV  
  59  7:30  Marine x2, SCV  
  62  7:43  SCV  
  63  7:48  Marine  
  63  7:49  Thor  
  69  7:55  SCV  
  70  8:07  SCV  
  71  8:19  SCV  
  72  8:21  Planetary Fortress  
  72  8:31  SCV  
  73  8:43  SCV  
  73  8:46  Siege Tank  
  73  8:48  Marine  
  78  8:53  Barracks  
  78  9:22  Marine x2, SCV  
  73  9:34  Liberator  
  58  9:39  Marine x2  
  58  9:41  Barracks  
  58  9:44  SCV  
  54  9:46  Marine  
  54  9:48  Thor  
  64  9:56  SCV  
  64  9:57  Marine x2  
  64  9:58  Refinery  
  67  10:03  Refinery  
  67  10:04  Marine  
  68  10:08  SCV  
  69  10:15  Marine x2  
  69  10:20  SCV  
  72  10:22  Marine  
  73  10:29  Barracks  
  73  10:32  SCV  
  73  10:35  Missile Turret  
  74  10:39  Marine  
  75  10:45  Missile Turret  
  75  10:48  Marine  
  76  10:55  Thor, Supply Depot  
  76  10:56  Missile Turret  
  82  10:57  Marine  
  82  11:03  Marine x2  
  85  11:07  Missile Turret  
  85  11:09  Factory  
  85  11:17  Missile Turret  
  85  11:18  Supply Depot  
  85  11:20  Supply Depot  
  85  11:29  Missile Turret, Supply Depot  
  85  11:34  Marine  
  85  11:37  Barracks Tech Lab  
  85  11:38  Thor  
  92  11:55  Factory Tech Lab  
  92  12:21  Thor  
  88  12:31  Marine  
  88  12:32  Marine x3  
  92  12:44  Marine  
  92  12:47  Stimpack  
  92  12:49  Marine x2, Viking  
  92  12:50  Marine x2  
  99  13:02  Marine  
  100  13:06  Command Center  
  100  13:07  Marine x3  
  100  13:12  Barracks Reactor  
  103  13:19  Marine  
  103  13:20  SCV  
  103  13:25  Marine x2  
  108  13:32  SCV  
  109  13:35  Barracks Reactor  
  109  13:37  Marine  
  109  13:42  Marine  
  109  13:43  Marine  
  109  13:44  SCV  
  109  13:48  Missile Turret  
  112  13:50  Refinery x2  
  112  13:52  Missile Turret  
  112  13:55  Marine  
  112  13:56  Starport Reactor, SCV  
  112  14:00  Marine  
  112  14:01  Marine  
  116  14:08  SCV  
  111  14:18  Marine  
  111  14:19  Marine  
  111  14:22  Marine  
  111  14:23  Marine x4  
  87  14:25  Thor  
  81  14:36  Marine x2  
  75  14:43  Thor  
  73  15:08  Thor  
  79  15:17  Command Center  
Show
View Real Time Build Order
Export as new Build Order

zidar Zerg - Winner!

Build Orders: Hatch First 

Get SALT Encoding   

  12  0:01  Drone  
  13  0:12  Overlord  
  13  0:17  Drone  
  14  0:31  Drone x2  
  14  0:34  Drone  
  17  1:16  Hatchery  
  16  1:21  Extractor, Spawning Pool  
  14  1:32  Drone  
  15  1:33  Drone  
  15  1:35  Drone  
  17  1:55  Drone  
  17  1:58  Drone  
  18  2:02  Extractor  
  17  2:28  Queen  
  19  2:30  Roach Warren, Queen  
  19  2:33  Drone x4  
  24  3:01  Drone x4  
  24  3:03  Overlord  
  28  3:19  Overlord  
  28  3:25  Roach x3  
  34  3:30  Roach  
  30  4:13  Roach  
  30  4:14  Roach x5  
  42  4:47  Lair  
  42  4:52  Drone x2  
  44  4:54  Overlord x2  
  44  5:12  Ravager x5  
  49  5:55  Drone x11  
  60  6:17  Overlord  
  60  6:18  Overlord x2  
  57  6:49  Pneumatized Carapace  
  57  6:53  Drone x2  
  57  6:54  Drone x4  
  63  7:02  Spire  
  63  7:05  Hatchery  
  61  7:20  Evolution Chamber  
  61  7:21  Evolution Chamber  
  59  7:23  Extractor  
  59  7:27  Extractor  
  52  8:07  Roach  
  52  8:08  Roach x11  
  52  8:12  Zerg Missile Weapons Level 1, Zerg Ground Armor Level 1  
  76  8:28  Drone  
  76  8:29  Drone x2  
  79  8:37  Queen  
  81  8:54  Overlord x3  
  81  9:12  Queen  
  81  9:16  Roach x6  
  73  9:46  Roach x7  
  73  9:49  Ravager x3  
  73  9:50  Ravager  
  91  10:05  Corruptor  
  93  10:08  Overlord  
  93  10:22  Drone  
  93  10:23  Drone x4  
  98  10:46  Metabolic Boost  
  98  10:48  Glial Reconstitution  
  98  10:51  Zerg Ground Armor Level 2  
  98  10:53  Zerg Melee Weapons Level 1  
  98  10:57  Corruptor  
  98  11:00  Corruptor  
  103  11:04  Drone  
  103  11:08  Drone  
  103  11:09  Drone  
  105  11:12  Drone  
  106  11:36  Overlord x2  
  106  11:37  Overlord x3  
  106  11:59  Drone x13  
  116  12:28  Queen  
  118  12:32  Drone x5  
  118  12:35  Drone x11  
  118  12:36  Drone x2  
  136  12:51  Zerg Flyer Weapons Level 1  
  136  12:53  Infestation Pit  
  135  13:16  Extractor  
  135  13:18  Extractor  
  133  13:24  Hatchery  
  132  13:53  Overseer x2  
  85  14:35  Drone  
  85  14:36  Roach  
  85  14:37  Roach x22  
  128  14:45  Ravager x2  
  128  14:50  Overlord  
  128  14:51  Overlord x4  
  128  14:52  Overlord x2  
  128  15:08  Queen  
  130  15:16  Ravager x3  
  130  15:17  Ravager x2  
Tags
 
Matchup
TvZ
Spawn Locations
Close Positions
Add a new tag
Caveats
  • Supply blocks, unpowered buildings, or Contaminate may cause inaccurate times.
  • Supply counts are checked every 10 seconds.